 Dungeon Crawl Stone Soup version 0.27.1-33-g824d729ab1 (webtiles) character file.

Game seed: 18239383589371390380

169 zeram the Poker (level 5, -10/41 HPs)
             Began as a Merfolk Fighter on Dec 14, 2021.
             Mangled by Menkaure (16 damage)
             ... on level 4 of the Dungeon.
             The game lasted 00:03:56 (2407 turns).

zeram the Poker (Merfolk Fighter)                   Turns: 2407, Time: 00:03:57

Health: -10/41     AC:  6    Str: 16    XL:     5   Next: 50%
Magic:  5/5        EV:  7    Int:  9    God:
Gold:   113        SH:  9    Dex: 13    Spells: 4/4 levels left

rFire    . . .     SeeInvis .   a - +0 trident
rCold    . . .     Faith    .   c - +0 kite shield
rNeg     . . .     Spirit   .   b - +0 scale mail
rPois    .         Reflect  .   (no helmet)
rElec    .         Harm     .   l - scarf {repulsion}
rCorr    .         Rampage  .   (no gloves)
Will     .....                  (no boots)
Stlth    ..........             (no amulet)
HPRegen  0.13/turn              (no ring)
MPRegen  0.09/turn              (no ring)

@: mighty, repel missiles
A: (nimble swimmer 2), mertail
a: no special abilities


You were on level 4 of the Dungeon.
You visited 1 branch of the dungeon, and saw 4 of its levels.

You collected 113 gold pieces.

Inventory:

Hand Weapons
 a - a +0 trident (weapon)
Armour
 b - a +0 scale mail (worn)
 c - a +0 kite shield (worn)
 l - a scarf of repulsion (worn)
Jewellery
 o - an amulet of the acrobat
Scrolls
 f - 2 scrolls of fog
 i - 2 scrolls of magic mapping
Potions
 e - a potion of flight
 j - a potion of invisibility {unknown}
 m - a potion of attraction {unknown}
 n - a potion of mutation {unknown}


   Skills:
 - Level 3.2 Fighting
 + Level 6.4 Polearms
 - Level 2.1 Armour
 + Level 1.8 Dodging
 + Level 4.1 Shields


You had 4 spell levels left.
You didn't know any spells.
Your spell library contained the following spells:

 Spells                   Type           Power      Damage    Failure   Level
 Conjure Flame            Conj/Fire      0%         6-21      100%        3
 Ignite Poison            Fire/Tmut/Pois 0%         N/A       100%        3
 Sticky Flame             Conj/Fire      0%         2d3       100%        4


Dungeon Overview and Level Annotations

Branches:
Dungeon (4/15)
 Temple: D:4-7

Altars:

Annotations:
D:3 Grinder
D:4 Menkaure


Innate Abilities, Weirdness & Mutations

((You are quick and stealthy near water. (Stealth+, EV+, Speed+++)))
Your lower body shifts to a powerful aquatic tail in water.


Message History

You puncture the orc!
You kill the orc!
No target in view!
You see here a +0 dagger.
Items here: ))) [[.
You see here a +0 club.
Found 2 gold pieces.
You now have 113 gold pieces (gained 2).
Found 14 gold pieces.
Found a stone staircase leading down.
Menkaure, Prince of Dust comes into view.
Menkaure shouts!
Menkaure calls on the powers of darkness!
Your body is wracked with pain!
You hear an angry growl.
Menkaure is nearby!
Menkaure is nearby!
Found a tubular ruby ring.
Reach: a) +0 trident
Press: ? - help, Dir - move target, f - Menkaure
Aim: Menkaure (about 25% to evade your +0 trident)
You reach to attack!
You hit Menkaure.
Menkaure is moderately damaged.
You hit Menkaure but do no damage.
Menkaure is moderately damaged.
Menkaure hits you!
* * * LOW HITPOINT WARNING * * *
Unknown command.
You hit Menkaure but do no damage.
Menkaure is moderately damaged.
Menkaure closely misses you.
Unknown command.
You hit Menkaure but do no damage.
Menkaure is moderately damaged.
Menkaure hits you.
* * * LOW HITPOINT WARNING * * *
Unknown command.
You feel very mighty all of a sudden. Menkaure hits you!
You die...

#. .. #.#. .# #
#.#. .# ..=#.#.#.
#. #.....$.. #.
#>.##..M### #.
#.......@.# # #.
#.......#.##.# #
#. #..........#.#
#.#.
#........#...#
#...
#..........#####
####
#..............#
##
#.........####.#
#. ###...###.#
#.# #. ##.#
#.####.#########.


You could see Menkaure.

Vanquished Creatures
  A scorpion (D:4)
  3 adders
  A worm (D:2)
  A dart slug (D:1)
  5 orcs (D:4)
  7 bats
  4 endoplasms
  2 giant cockroaches
  12 goblins
  5 hobgoblins
  3 jackals (D:1)
  2 kobolds
  4 quokkas
  6 ball pythons
  4 frilled lizards (D:2)
  3 rats
63 creatures vanquished.

Notes
Turn   | Place    | Note
-------+----------+-------------------------------------------
     0 | D:1      | zeram the Merfolk Fighter began the quest for the Orb.
     0 | D:1      | Reached XP level 1. HP: 18/18 MP: 1/1
   173 | D:1      | Reached XP level 2. HP: 21/23 MP: 2/2
   514 | D:1      | Reached skill level 4 in Polearms
   559 | D:1      | Reached XP level 3. HP: 29/29 MP: 3/3
   654 | D:1      | Found a faded altar of an unknown god.
  1218 | D:2      | Reached skill level 1 in Dodging
  1446 | D:2      | Reached XP level 4. HP: 33/35 MP: 4/4
  1511 | D:2      | Reached skill level 5 in Polearms
  2018 | D:3      | Noticed Grinder
  2021 | D:3      | Paralysed by Grinder for 2 turns
  2028 | D:3      | Paralysed by Grinder for 2 turns
  2072 | D:3      | Paralysed by Grinder for 3 turns
  2078 | D:3      | Paralysed by Grinder for 3 turns
  2085 | D:3      | Paralysed by Grinder for 4 turns
  2092 | D:4      | Noticed a scorpion
  2103 | D:4      | HP: 1/35 [poisoned by a scorpion]
  2109 | D:4      | Killed a scorpion
  2110 | D:4      | Reached skill level 6 in Polearms
  2110 | D:4      | Reached XP level 5. HP: 20/41 MP: 5/5
  2400 | D:4      | Noticed Menkaure
  2407 | D:4      | Mangled by Menkaure

Illustrated notes

Levels and vault maps discovered:
D:1:      wheals_arrival_shading, layout_loops_ring,
          shapermc_ecumenical_altar_mp_vishouse
D:2:      minmay_spotlight, layout_basic, minivault_4
D:3:      layout_loops_ring, uniq_grinder
D:4:      layout_loops_ring, uniq_crazy_yiuf_cottage, uniq_sigmund,
          uniq_menkaure

Skill      XL: |  1  2  3  4 |
---------------+-------------+-----
Polearms       | 4 6 |  6.4
Dodging        | 1 |  1.8
Shields        | 4 |  4.1
Fighting       | |  3.2
Armour         | |  2.1

Action                   |  1- 3 |  4- 6 || total
-------------------------+-------+-------++-------
Melee: Trident           |   108 |    71 ||   179
       Unarmed           |       |     3 ||     3
  Use: Scroll            |       |     5 ||     5
       Potion            |       |     5 ||     5
Armor: Scale mail        |    29 |    17 ||    46
       Skin              |       |     1 ||     1
Dodge: Dodged            |    36 |    21 ||    57
Block: Kite shield       |    56 |    29 ||    85
